 Dungeon Crawl Stone Soup version 0.26-a0-1191-ge2a0e31ab3 (webtiles) character file.

Game seed: 13214394474847673048

9 Azzok the Skirmisher (level 2, 23/24 HPs)
             Began as a Demonspawn Fighter on Dec 28, 2020.
             Quit the game on level 1 of the Dungeon.
             The game lasted 00:00:23 (301 turns).

Azzok the Skirmisher (Demonspawn Fighter)            Turns: 301, Time: 00:00:24

Health: 23/24      AC:  6    Str: 16    XL:     2   Next: 6%
Magic:  2/2        EV:  6    Int:  9    God:
Gold:   12         SH:  8    Dex: 12    Spells: 1/1 levels left

rFire    . . .     SeeInvis .   a - +0 war axe
rCold    . . .     Faith    .   c - +0 kite shield
rNeg     . . .     Spirit   .   b - +0 scale mail
rPois    .         Reflect  .   (no helmet)
rElec    .         Harm     .   (no cloak)
rCorr    .         Rampage  .   (no gloves)
Will     .....                  (no boots)
Stlth    ..........             (no amulet)
HPRegen  0.08/turn              (no ring)
MPRegen  0.08/turn              (no ring)

@: no status effects
A: spiny 1
a: no special abilities


You were on level 1 of the Dungeon.
You visited 1 branch of the dungeon, and saw 1 of its levels.

You collected 12 gold pieces.

Inventory:

Hand Weapons
 a - a +0 war axe (weapon)
Armour
 b - a +0 scale mail (worn)
 c - a +0 kite shield (worn)
Jewellery
 e - an uncursed amulet of magic regeneration {unknown}
Scrolls
 f - a scroll of enchant weapon {unknown}
Potions
 d - a potion of might


   Skills:
 + Level 3.1 Fighting
 * Level 2.1 Axes
 + Level 2.8 Armour
 + Level 2.8 Shields


You had one spell level left.
You didn't know any spells.
Your spell library was empty.

Dungeon Overview and Level Annotations

Branches:
Dungeon (1/15)

Altars:


Innate Abilities, Weirdness & Mutations

You are partially covered in sharp spines.


Message History

The hobgoblin shouts!
The hobgoblin moves out of view.
A bat is nearby!
A bat is nearby!
You block the bat's attack.
You slash the bat!
You kill the bat!
You have reached level 2!
Your demonic ancestry asserts itself...
Sharp spines emerge from parts of your body.
You hit the hobgoblin but do no damage. You block the hobgoblin's attack.
A hobgoblin comes into view. It is wielding a +0 club.
You slash the hobgoblin!
You kill the hobgoblin!
A rat comes into view.
The rat bites you.
Found 24 bolts.
Things that are here:
a +0 club; a hobgoblin corpse Are you sure you want to abandon this character and quit the game? (Confirm with "yes".)

·(····· ······· ······· ·······
······· ·······
······r▒▒▒▒▒▒▒▒▒
···g···@·······▒ ▒▒▒▒▒▒▒
·······▒▒▒▒▒▒▒·▒ ······▒▒
·······▒▒▒▒▒▒▒·▒▒ ····)··▒
▒▒▒▒▒▒▒······▒··▒ (······▒
▒··^···▒▒·▒
·(·····▒▒▒▒▒▒▒▒▒······▒▒·▒▒▒▒▒▒
···(·†·▒▒······▒···†··▒▒·▒····▒
▒▒▒▒▒▒·▒▒·▒▒▒·▒▒······▒▒·▒····▒
▒▒▒·▒▒·▒▒▒·▒▒······▒▒······▒


You could see a hobgoblin and a rat.

Vanquished Creatures
  A dart slug (D:1)
  A goblin (D:1)
  A hobgoblin (D:1)
  3 bats (D:1)
  2 frilled lizards (D:1)
  A kobold (D:1)
9 creatures vanquished.

Notes
Turn   | Place    | Note
-------+----------+-------------------------------------------
     0 | D:1      | Azzok the Demonspawn Fighter began the quest for the Orb.
     0 | D:1      | Reached XP level 1. HP: 18/18 MP: 1/1
   298 | D:1      | Gained mutation: You are partially covered in sharp spines.
                  | [demonic ancestry]
   298 | D:1      | Reached XP level 2. HP: 24/24 MP: 2/2
   301 | D:1      | Quit the game

Illustrated notes

Levels and vault maps discovered:
D:1:      heliophobic_arrival_battle_scene, layout_basic

Skill      XL: |  1 |
---------------+----+-----
Axes           | 2 |  2.1
Fighting       | |  3.1
Armour         | |  2.8
Shields        | |  2.8

Action                   || total
-------------------------++-------
Melee: War axe           ||    29
Armor: Scale mail        ||    21
Dodge: Dodged            ||     7
Block: Kite shield       ||    14

Table legend: (Time is in decaauts)
 A = Elapsed time spent in this place.
 B = Non-inter-level travel time spent in this place.
 C = Inter-level travel time spent in this place.
 D = Time resting spent in this place.
 E = Time spent auto-exploring this place.
 F = Levels seen in this place.
 G = Mean time per level.
                   A        B        C        D        E       F      G
               +--------+--------+--------+--------+--------+-----+--------+
         Total |    315 |    315 |      0 |     82 |    152 |   1 |  315.0 |
       Dungeon |    315 |    315 |      0 |     82 |    152 |   1 |  315.0 |
               +--------+--------+--------+--------+--------+-----+--------+

Top non-repeatable levels by time:
     D:1: 315 daAuts
